 Dungeon Crawl Stone Soup version 0.27-a0-1137-g3ef0f4ec91 (webtiles) character file.

Game seed: 14750128522908106640

173 siradein the Cudgeller (level 5, -4/45 HPs)
             Began as a Minotaur Fighter on May 7, 2021.
             Slain by a gnoll
             ... wielding a +0 flail
              (5 damage)
             ... on level 2 of the Dungeon.
             The game lasted 00:14:35 (3111 turns).

siradein the Cudgeller (Minotaur Fighter)           Turns: 3111, Time: 00:14:35

Health: -4/45      AC:  6    Str: 22    XL:     5   Next: 28%
Magic:  4/4        EV:  9    Int:  5    God:
Gold:   74         SH:  9    Dex:  9    Spells: 4/4 levels left

rFire    . . .     SeeInvis .   a - +0 flail
rCold    . . .     Faith    .   j - +0 buckler
rNeg     . . .     Spirit   .   b - +0 scale mail
rPois    .         Reflect  +   (helmet restricted)
rElec    .         Harm     .   (no cloak)
rCorr    .         Rampage  .   (no gloves)
Will     .....                  (no boots)
Stlth    ..........             r - amulet of reflection
HPRegen  0.15/turn              (no ring)
MPRegen  0.09/turn              (no ring)

@: no status effects
A: horns 2, retaliatory headbutt
a: no special abilities


You were on level 2 of the Dungeon.
You visited 1 branch of the dungeon, and saw 3 of its levels.

You collected 74 gold pieces.

Inventory:

Hand Weapons
 a - a +0 flail (weapon)
Armour
 b - a +0 scale mail (worn)
 c - a +0 kite shield
 j - a +0 buckler (worn)
Jewellery
 h - a ring of fire
 r - an amulet of reflection (around neck)
Wands
 t - a wand of flame (16)
 u - a wand of polymorph (3)
Scrolls
 g - a scroll of fog {unknown}
 i - a scroll of enchant weapon {unknown}
 k - 4 scrolls of identify {unknown}
 m - a scroll of torment {unknown}
 n - a scroll of acquirement {unknown}
 q - a scroll of holy word {unknown}
 s - a scroll of summoning {unknown}
Potions
 d - a potion of might
 e - 3 potions of curing {unknown}
 f - 2 potions of heal wounds {unknown}
 l - a potion of attraction {unknown}
 o - a potion of flight {unknown}
 p - a potion of haste {unknown}


   Skills:
 - Level 3.6 Fighting
 + Level 6.7 Maces & Flails
 - Level 3.6 Armour
 - Level 3.6 Shields


You had 4 spell levels left.
You didn't know any spells.
Your spell library contained the following spells:

 Spells                   Type           Power      Damage    Failure   Level
 Magic Dart               Conj           0%         1d3       82%         1
 Blink                    Tloc           N/A        N/A       91%         2
 Call Imp                 Summ           0%         N/A       91%         2
 Slow                     Hex            0%         N/A       91%         2
 Call Canine Familiar     Summ           0%         N/A       99%         3
 Conjure Flame            Conj/Fire      0%         6-21      99%         3
 Mephitic Cloud           Conj/Pois/Air  0%         N/A       99%         3
 Portal Projectile        Hex/Tloc       0%         N/A       99%         3
 Spellforged Servitor     Conj/Summ      0%         N/A       100%        7
 Summon Hydra             Summ           0%         N/A       100%        7


Dungeon Overview and Level Annotations

Branches:
Dungeon (3/15)

Altars:
Sif Muna

Shops:
D:3 (


Innate Abilities, Weirdness & Mutations

You have a pair of horns on your head.
You reflexively headbutt those who attack you in melee.


Message History

You hit the gnoll shaman but do no damage.
Your headbutt misses the gnoll shaman.
The gnoll shaman is severely wounded.
The gnoll shaman closely misses you.
You hit the gnoll shaman.
The gnoll shaman is severely wounded.
The gnoll shaman calls upon its god to speed up the gnoll.
The gnoll seems to speed up.
A gnoll comes into view. It is wielding a +0 halberd.
The gnoll shouts!
You hit the gnoll shaman. Your headbutt misses the gnoll shaman.
The gnoll shaman is almost dead.
You block the gnoll shaman's attack.
The gnoll shaman mumbles some strange prayers to its god against you.
You resist with some effort.
You closely miss the gnoll shaman. Your headbutt misses the gnoll shaman.
The gnoll shaman is almost dead.
The gnoll shaman closely misses you.
You barely miss the gnoll shaman. Your headbutt misses the gnoll shaman.
The gnoll shaman is almost dead.
You block the gnoll shaman's attack.
You sock the gnoll shaman!
You kill the gnoll shaman!
The gnoll hits you with a +0 flail! The gnoll hits you but does no damage.
You block the gnoll's attack. You block the gnoll's attack.
The gnoll hits you with a +0 flail! The gnoll hits you with a +0 flail!
* * * LOW HITPOINT WARNING * * *
You block the gnoll's attack. x2
There is a stone staircase leading up here.
You block the gnoll's attack. The gnoll hits you with a +0 flail.
* * * LOW HITPOINT WARNING * * *
You climb upwards.
There is a stone staircase leading down here.
The gnoll hits you with a +0 flail.
* * * LOW HITPOINT WARNING * * *
The gnoll hits you with a +0 flail.
You die...

##.8...8.#.#
##.....##.#
#####...###.#
#...........#
#.#.......###
#.#.......#########
##......_...........
#.g..#.....##.......
#.g@................
#.##.#..............
####.##.#........#.....
#......##..)...#.#.....
#......##......#.#....)
#......###...###.#.....
#######......###...#
#.......
#............[.....#
##......
#...........)......#
#..####


You could see 2 gnolls.

Vanquished Creatures
  A gnoll shaman (D:3)
  Robin (D:2)
  4 adders
  3 worms
  A dart slug (D:1)
  3 ball pythons
  5 endoplasms
  2 giant cockroaches
  16 goblins
  12 hobgoblins
  6 jackals
  7 quokkas
  4 bats
  4 frilled lizards
  2 kobolds (D:1)
  3 rats
74 creatures vanquished.

Notes
Turn   | Place    | Note
-------+----------+-------------------------------------------
     0 | D:1      | siradein the Minotaur Fighter began the quest for the Orb.
     0 | D:1      | Reached XP level 1. HP: 19/19 MP: 0/0
   153 | D:1      | Reached skill level 3 in Maces & Flails
   279 | D:1      | Reached XP level 2. HP: 16/26 MP: 1/1
   564 | D:1      | Reached skill level 4 in Maces & Flails
   787 | D:1      | Found a faded altar of an unknown god.
  1042 | D:2      | Reached XP level 3. HP: 31/31 MP: 2/2
  1122 | D:2      | Found a shimmering blue altar of Sif Muna.
  1755 | D:2      | Reached skill level 5 in Maces & Flails
  1976 | D:2      | Reached XP level 4. HP: 39/39 MP: 3/3
  2280 | D:3      | Identified Sif Muna's Grimoire of the Supportive Voyage
  2447 | D:3      | Reached skill level 6 in Maces & Flails
  2676 | D:3      | Noticed Robin
  2977 | D:2      | Killed Robin
  2978 | D:2      | Reached XP level 5. HP: 45/45 MP: 4/4
  3056 | D:3      | Found Mooguan's Antique Weapon Boutique.
  3111 | D:2      | HP: 1/45 [gnoll/+0 flail (6)]
  3111 | D:2      | Slain by a gnoll

Illustrated notes

Levels and vault maps discovered:
D:1:      kilobyte_arrival_exit_the_forest, layout_rooms,
          shapermc_ecumenical_altar_mp_ritualfount
D:2:      layout_basic, basic_altar, mrwooster_statue_mirror, dk_vineyard_1,
          minivault_27, minmay_liquid_box, grunt_ministairs_5,
          wad_floor_pattern_untrapped
D:3:      layout_basic, serial_shops, shop, minmay_checkerbox, uniq_robin

Skill      XL: |  1  2  3  4 |
---------------+-------------+-----
Maces & Flails | 3 4 5 6 |  6.7
Fighting       | |  3.6
Armour         | |  3.6
Shields        | |  3.6

Action                   |  1- 3 |  4- 6 || total
-------------------------+-------+-------++-------
Melee: Flail             |    95 |    97 ||   192
       Headbutt          |    16 |     6 ||    22
       Unarmed           |       |     1 ||     1
Armor: Scale mail        |    42 |    35 ||    77
Dodge: Dodged            |    23 |    45 ||    68
Block: Kite shield       |    50 |       ||    50
       Buckler           |     5 |    35 ||    40

Table legend: (Time is in decaauts)
 A = Elapsed time spent in this place.
 B = Non-inter-level travel time spent in this place.
 C = Inter-level travel time spent in this place.
 D = Time resting spent in this place.
 E = Time spent auto-exploring this place.
 F = Levels seen in this place.
 G = Mean time per level.
                   A        B        C        D        E       F      G
               +--------+--------+--------+--------+--------+-----+--------+
         Total |   3177 |   3132 |     45 |    266 |   2257 |   3 | 1059.0 |
       Dungeon |   3177 |   3132 |     45 |    266 |   2257 |   3 | 1059.0 |
               +--------+--------+--------+--------+--------+-----+--------+

Top non-repeatable levels by time:
     D:2: 1353 daAuts
     D:1: 1072 daAuts
     D:3: 751 daAuts
